 Dungeon Crawl Stone Soup version 0.20-a0-1114-g33edf32 (webtiles) character file.

75 Monsterracer the Firebug (level 4, 0/24 HPs)
             Began as a Deep Elf Fire Elementalist on May 6, 2017.
             Slain by Paps's ghost (16 damage)
             ... on level 3 of the Dungeon.
             The game lasted 00:06:04 (1957 turns).

Monsterracer the Firebug (DEFE)                     Turns: 1957, Time: 00:06:04

Health: 0/24       AC:  4    Str:  5    XL:     4   Next: 11%
Magic:  11/11      EV: 13    Int: 21    God:
Gold:   133        SH:  0    Dex: 15    Spells: 2/10 levels left

rFire    + . .     SeeInvis +   h - +0 dagger (curse)
rCold    . . .     Gourm    .   (no shield)
rNeg     . . .     Faith    .   a - +1 robe
rPois    .         Spirit   .   (no helmet)
rElec    .         Reflect  .   (no cloak)
rCorr    .         Harm     .   e - +0 pair of gloves
MR       .....                  (no boots)
Stlth    ++........             (no amulet)
Regen    0.1/turn               f - ring of see invisible
MPRegen  0.2/turn               j - ring of protection from fire

@: no status effects
A: no striking features
a: no special abilities


You were on level 3 of the Dungeon.
You were not hungry.

You visited 1 branch of the dungeon, and saw 3 of its levels.

You collected 133 gold pieces.

Inventory:

Hand Weapons
 h - a cursed +0 dagger (weapon)
 i - a cursed -2 dagger
Armour
 a - a +1 robe (worn)
 e - a +0 pair of gloves (worn)
 g - a +1 pair of gloves
Jewellery
 f - a ring of see invisible (left hand)
 j - a ring of protection from fire (right hand)
Scrolls
 d - 2 scrolls of identify
Books
 b - a book of Flames

   Spells                             Type                      Level
   a - Flame Tongue                   Conjuration/Fire             1
   b - Throw Flame                    Conjuration/Fire             2
   c - Conjure Flame                  Conjuration/Fire             3
   d - Inner Flame                    Hexes/Fire                   3
   e - Sticky Flame                   Conjuration/Fire             4
   f - Fireball                       Conjuration/Fire             5
Comestibles
 c - 2 bread rations


   Skills:
 - Level 2.4 Dodging
 - Level 2.4 Stealth
 + Level 3.5 Spellcasting
 * Level 2.3 Conjurations
 * Level 4.7 Fire Magic


You had 2 spell levels left.
You knew the following spells:

 Your Spells              Type           Power        Failure   Level  Hunger
a - Flame Tongue          Conj/Fire      ###..        3%          1    None
b - Conjure Flame         Conj/Fire      ###.....     9%          3    ###....
c - Sticky Flame          Conj/Fire      ###.....     28%         4    ####...


Dungeon Overview and Level Annotations

Branches:
Dungeon (3/15)

Altars:

Annotations:
D:3 Paps's ghost, amateur GrFi


Message History

You start resting.
Magic restored.
You now have 133 gold pieces (gained 9).
Found a pair of glowing gloves.
Paps's ghost (amateur Gargoyle Fighter) comes into view.
You see here a pair of glowing gloves.
g - a pair of glowing gloves Paps's ghost turns its malevolent gaze towards you.
Paps's ghost ripples.
An adder comes into view.
The adder moves out of view.
Found a stone staircase leading down.
Paps's ghost shouts, "You must not fail where I succeeded!"
There isn't anything here!
Paps's ghost misses you.
You hit Paps's ghost but do no damage. Paps's ghost hits you!
Paps's ghost barely misses you. Paps's ghost hits you!
Ouch! That really hurt!
You die...

##############
#............#
#............##########..
##............+..........>
#.............# #.......#
#.......†.....# #.......#
#..†.)........###.......# #
#.........<@............#.##
#....<......W...............
#.#.####....................
#.........................
.####...#..#####...........
................#####......
#####...#######.# #......
#...# #. #...... #...# #.
#......


You could see Paps's ghost.

Vanquished Creatures
  2 adders (D:2)
  4 worms (D:2)
  2 dart slugs (D:1)
  2 ball pythons (D:2)
  5 bats
  2 giant cockroaches (D:3)
  3 goblins
  4 hobgoblins
  5 jackals (D:2)
  2 quokkas (D:2)
  A frilled lizard (D:2)
  6 kobolds
  3 rats
41 creatures vanquished.

Notes
Turn   | Place    | Note
-------+----------+-------------------------------------------
     0 | D:1      | Monsterracer the Deep Elf Fire Elementalist began the quest for the Orb.
     0 | D:1      | Reached XP level 1. HP: 10/10 MP: 6/6
   160 | D:1      | Reached XP level 2. HP: 15/15 MP: 4/8
   702 | D:2      | Reached skill level 4 in Fire Magic
   851 | D:2      | Reached XP level 3. HP: 19/19 MP: 5/9
   856 | D:2      | Learned a level 3 spell: Conjure Flame
  1691 | D:2      | Reached XP level 4. HP: 24/24 MP: 9/11
  1698 | D:2      | Learned a level 4 spell: Sticky Flame
  1938 | D:3      | Noticed Paps's ghost (amateur GrFi)
  1957 | D:3      | Slain by Paps's ghost

Vault maps used:
D:1:      enne_arrival_octagon_isle, kennysheep_decorative_pillar,
          lemuel_old_faithful
D:2:      grunt_ministairs_1
D:3:      uniq_ijyb, uniq_terence

Skill      XL: |  1  2  3 |
---------------+----------+-----
Fire Magic     | 4 |  4.7
Conjurations   | 2 |  2.3
Dodging        | |  2.4
Stealth        | |  2.4
Spellcasting   | |  3.5

Action                   |  1- 3 |  4- 6 || total
-------------------------+-------+-------++-------
Melee: Club              |     2 |       ||     2
       Dagger            |       |     1 ||     1
 Cast: Flame Tongue      |    64 |    13 ||    77
       Conjure Flame     |     4 |       ||     4
  Use: Potion            |     2 |       ||     2
       Scroll            |     4 |       ||     4
  Eat: Chunk             |     2 |     1 ||     3
Armor: Robe              |     5 |     1 ||     6
Dodge: Dodged            |    15 |     4 ||    19
